 Dungeon Crawl Stone Soup version 0.32-a0-292-g751ec8d2e7 (webtiles) character file.

Game seed: 1048744187947191976

550 Kenran the Trooper (level 7, -2/56 HPs)
             Began as a Minotaur Hedge Wizard on Feb 14, 2024.
             Was a Follower of Hepliaklqana.
             Slain by a black bear (9 damage)
             ... on level 5 of the Dungeon.
             The game lasted 00:06:48 (3049 turns).

Kenran the Trooper (Minotaur Hedge Wizard)          Turns: 3049, Time: 00:06:48

Health: -2/56      AC:  9    Str: 17    XL:     7   Next: 7%
Magic:  9/9        EV:  8    Int: 11    God:    Hepliaklqana [*.....]
Gold:   41         SH:  0    Dex:  9    Spells: 9/10 levels left

rFire   . . .        a - +0 war axe
rCold   . . .        (no shield)
rNeg    . . .        j - +0 chain mail
rPois   .            c - +0 hat
rElec   .            (no cloak)
rCorr   .            (no gloves)
SInv    .            t - +0 pair of boots
Will    +....        (no amulet) Stlth
                     v - ring of willpower
HPRegen 0.29/turn    (no ring)
MPRegen 0.11/turn

%: no passive effects
@: no status effects
A: reduced essence, horns 2, retaliatory headbutt
a: Renounce Religion, Recall Ancestor, Ancestor Identity


You were on level 5 of the Dungeon.
You worshipped Hepliaklqana.
Hepliaklqana was aware of your devotion.
You visited 1 branch of the dungeon, and saw 5 of its levels.

You collected 206 gold pieces.
You spent 165 gold pieces at shops.

Inventory:

Hand Weapons
 a - a +0 war axe (weapon)
 b - a +2 heavy sling
Missiles
 n - 2 throwing nets
Armour
 c - a +0 hat (worn)
 j - a +0 chain mail (worn)
 t - a +0 pair of boots (worn)
Jewellery
 v - a ring of willpower (left hand)
Wands
 l - a wand of roots (12)
 w - a wand of digging (4)
Scrolls
 f - a scroll of blinking
 i - a scroll of fog
 k - 2 scrolls of identify {@r1}
 m - 2 scrolls of fear {unknown}
 p - a scroll of brand weapon {unknown}
 s - a scroll of silence {unknown}
 u - 2 scrolls of teleportation
Potions
 d - 2 potions of magic
 e - 2 potions of curing {unknown}
 g - a potion of ambrosia {unknown}
 h - a potion of degeneration {unknown}
 o - 2 potions of brilliance {unknown}
 q - a potion of attraction {unknown}
 r - a potion of mutation {unknown}


   Skills:
 - Level 6.0 Fighting
 * Level 5.9 Axes
 - Level 2.0 Armour
 - Level 2.1 Dodging
 - Level 1.5 Stealth
 - Level 2.1 Spellcasting
 - Level 0.6 Conjurations
 - Level 0.6 Summonings
 - Level 0.6 Translocations


You had 9 spell levels left.
You knew the following spells:

 Your Spells              Type           Power      Damage    Failure   Level
a - Magic Dart            Conj           8%         1d3       95%         1

Your spell library contained the following spells:

 Spells                   Type           Power      Damage    Failure   Level
 Apportation              Tloc           4%         N/A       95%         1
 Summon Small Mammal      Summ           8%         N/A       95%         1
 Sting                    Conj/Alch      4%         1d3       96%         1
 Necrotise                Necr           4%         1d4       97%         1
 Slow                     Hex            4%         N/A       97%         1
 Blink                    Tloc           4%         N/A       98%         2
 Call Imp                 Summ           4%         N/A       98%         2
 Cigotuvi's Dreadful Rot  Necr/Alch/Air  2%         N/A       99%         2
 Ensorcelled Hibernation  Hex/Ice        2%         N/A       99%         2
 Fugue of the Fallen      Necr           1%         N/A       100%        3
 Mephitic Cloud           Conj/Alch/Air  1%         N/A       100%        3
 Anguish                  Hex/Necr       0%         N/A       100%        4


Dungeon Overview and Level Annotations

Branches:
Dungeon (5/15)             Temple (0/1) D:4

Altars:
Hepliaklqana
Trog

Shops:
D:4 ?([*


Innate Abilities, Weirdness & Mutations

Your life essence is reduced to manifest your ancestor. (-10% HP)
You have a pair of horns on your head.
You reflexively headbutt those who attack you in melee.


Message History

The black bear barely misses you. You furiously retaliate!
You headbutt the black bear!
The black bear claws you but does no damage. x2
Mouttepn hits the black bear.
You hit the black bear.
The black bear is almost dead.
You hit the black bear.
The black bear goes berserk!
The black bear barely misses you.
The black bear claws you but does no damage.
The black bear misses you.
Mouttepn barely misses the black bear.
The black bear bites you. The black bear barely misses you.
The black bear claws you but does no damage.
The black bear bites you but does no damage.
The black bear barely misses you. The black bear claws you.
You are too injured to fight recklessly!
You are too injured to fight recklessly!
You closely miss the black bear.
The black bear is almost dead.
You slash the black bear! You hit the black bear.
Mouttepn barely misses the black bear.
The black bear bites you! The black bear barely misses you.
The black bear claws you but does no damage.
The black bear closely misses you. The black bear barely misses you.
The black bear claws you. The black bear bites you!
* * * LOW HITPOINT WARNING * * *
The black bear claws you.
* * * LOW HITPOINT WARNING * * *
The black bear claws you but does no damage.
You hit the black bear but do no damage.
The black bear is almost dead.
You completely miss the black bear. You barely miss the black bear.
The black bear bites you.
* * * LOW HITPOINT WARNING * * *
The black bear claws you but does no damage.
The black bear claws you.
* * * LOW HITPOINT WARNING * * *
Mouttepn completely misses the black bear.
The black bear bites you!
You die...
Hepliaklqana delivers you to your ancestors.

#
#.#####.#.#.##.#.##~~#
###.#####.#......###~~#
..........###......~~~#
.#####.#### ####.##.~##
.#####.# #.....~#
....##.# #.....##
.##.##.# #...###
.##.##.# #...# .......#
#R@.# ###.##### #


#hhh# ###.....#........... ..##†.............$PPP #. #.##.#...........†..
#.##.##.##.####......P.. #.......## #....).. . #..#.#####.# #...#..##
#..#.......# You could see the friendly Mouttepn the ancestor and 3 black bears.

Vanquished Creatures
  A centaur (D:5)
  Blork the orc (D:5)
  A bombardier beetle (D:3)
  2 hounds (D:4)
  Robin (D:3)
  6 adders
  4 dart slugs
  8 orcs
  8 ball pythons
  8 bats
  3 endoplasms
  4 giant cockroaches
  12 goblins
  6 hobgoblins
  4 jackals (D:1)
  5 kobolds
  8 quokkas
  4 frilled lizards
  5 rats
91 creatures vanquished.

Vanquished Creatures (collateral kills)
  A phantom (D:5)
  A hobgoblin (D:4)
2 creatures vanquished.

Grand Total: 93 creatures vanquished

Notes
Turn   | Place    | Note
-------+----------+-------------------------------------------
     0 | D:1      | Kenran the Minotaur Hedge Wizard began the quest for the
                  | Orb.
     0 | D:1      | Reached XP level 1. HP: 14/14 MP: 2/2
    37 | D:1      | Reached skill level 1 in Fighting
    67 | D:1      | Reached skill level 2 in Fighting
    67 | D:1      | Reached XP level 2. HP: 20/24 MP: 4/4
   125 | D:1      | Reached skill level 3 in Fighting
   147 | D:1      | Reached XP level 3. HP: 31/31 MP: 5/5
   368 | D:1      | Reached skill level 4 in Fighting
   610 | D:2      | Reached XP level 4. HP: 35/41 MP: 6/6
   852 | D:2      | Reached skill level 5 in Fighting
  1270 | D:2      | Reached XP level 5. HP: 43/50 MP: 7/7
  1553 | D:3      | Found a hazy altar of Hepliaklqana.
  1560 | D:3      | Became a worshipper of Hepliaklqana the Forgotten
  1611 | D:3      | Reached skill level 1 in Axes
  1611 | D:3      | Reached skill level 1 in Armour
  1926 | D:3      | Found a faded altar of an unknown god.
  2013 | D:3      | Reached skill level 6 in Fighting
  2031 | D:3      | Identified the +2 robe of Kikubaaqudgha's Anger {Rampage
                  | rPois Will- Str+4 Int+4}
  2094 | D:4      | Noticed Robin
  2175 | D:3      | Killed Robin
  2317 | D:4      | Found Vuawixih's Antique Armour Shop.
  2323 | D:4      | Bought a pair of boots for 135 gold pieces
  2337 | D:4      | Found Bontiorgh's Magic Scroll Shop.
  2345 | D:4      | Bought a scroll of teleportation for 30 gold pieces
  2356 | D:4      | Found Axtoace's Antique Weapon Shop.
  2417 | D:4      | Reached XP level 6. HP: 55/57 MP: 8/8
  2424 | D:4      | Reached * piety under Hepliaklqana
  2610 | D:4      | Found Faudumuej's Weapon Shop.
  2675 | D:4      | Found a staircase to the Ecumenical Temple.
  2752 | D:4      | Found Nynyunuu's Assorted Antiques.
  2863 | D:5      | Entered Level 5 of the Dungeon
  2863 | D:5      | Noticed Blork the orc
  2871 | D:5      | Killed Blork the orc
  3005 | D:5      | Reached skill level 5 in Axes
  3038 | D:5      | Reached XP level 7. HP: 44/56 MP: 9/9
  3043 | D:5      | Found a bloodstained altar of Trog.
  3049 | D:5      | Slain by a black bear

Illustrated notes

Levels and vault maps discovered:
D:1:      nicolae_arrival_memento_mori, layout_rooms, minmay_strange_pillars
D:2:      layout_loops_ring
D:3:      layout_basic, mainiacjoe_overflow_alcove_4,
          dreamdust_ecumenical_altar_sealed_demon
D:4:      layout_loops_cross, minmay_temple_entry_overgrown, serial_shops,
          nicolae_lakefront_shop, nicolae_shop_statue_plus, shop, shop,
          nicolae_lakefront_shop, minmay_misc_feat_ornament, uniq_robin
D:5:      layout_loops_cross, trog_ov_bears_minmay,
          lightli_ossuary_entry_decrepit_ruins, chequers_serial_rivers_large_b,
          grunt_ministairs_9, uniq_blork_the_orc, uniq_crazy_yiuf_cottage,
          uniq_pikel

Skill      XL: |  1  2  3  4  5  6 |
---------------+-------------------+-----
Fighting       | 2 3 4 5 6 |  6.0
Axes           | 3 5 |  5.9
Armour         | 2 |  2.0
Dodging        | |  2.1
Stealth        | |  1.5
Spellcasting   | |  2.1
Conjurations   | |  0.6
Summonings     | |  0.6
Translocations | |  0.6

Action                     |  1- 3 |  4- 6 |  7- 9 || total
---------------------------+-------+-------+-------++-------
  Melee: Dagger            |    64 |       |       ||    64
         Headbutt          |     9 |    32 |     1 ||    42
         Short sword       |    11 |   101 |       ||   112
         War axe           |       |    75 |     5 ||    80
   Fire: Sling             |    25 |    17 |       ||    42
    Use: Scroll            |       |     3 |       ||     3
 Armour: Scale mail        |    67 |    79 |       ||   146
         Chain mail        |       |   100 |    24 ||   124
  Dodge: Dodged            |    45 |   100 |    10 ||   155

Table legend: (Time is in decaauts)
 A = Elapsed time spent in this place.
 B = Non-inter-level travel time spent in this place.
 C = Inter-level travel time spent in this place.
 D = Time resting spent in this place.
 E = Time spent auto-exploring this place.
 F = Levels seen in this place.
 G = Mean time per level.
                   A        B        C        D        E       F      G
               +--------+--------+--------+--------+--------+-----+--------+
         Total |   3120 |   3031 |     89 |    256 |   1983 |   5 |  624.0 |
       Dungeon |   3120 |   3031 |     89 |    256 |   1983 |   5 |  624.0 |
               +--------+--------+--------+--------+--------+-----+--------+

Top non-repeatable levels by time:
     D:3: 828 daAuts
     D:2: 782 daAuts
     D:4: 702 daAuts
     D:1: 612 daAuts
     D:5: 193 daAuts
